 Dungeon Crawl Stone Soup version 0.32-a0-871-ge202e49faa (webtiles) character file.

Game seed: 2515500642195626935

65851 esran the Severer (level 15, -23/125 HPs)
             Began as a Coglin Berserker on Mar 29, 2024.
             Was the Champion of Trog.
             Annihilated by a titanic slime creature (81 damage)
             ... on level 13 of the Dungeon on Mar 30, 2024.
             The game lasted 00:39:28 (19349 turns).

esran the Severer (Coglin Berserker)               Turns: 19349, Time: 00:39:30

Health: -23/125    AC: 23    Str: 24    XL:     15   Next: 17%
Magic:  15/15      EV: 10    Int:  9    God:    Trog [******]
Gold:   1592       SH:  0    Dex: 18    Spells: 14/14 levels left

rFire   + . .        J - +5 broad axe "Hopnamp" {flame, *Noise rElec rCorr Int+3}
rCold   + . .        E - +4 broad axe of Huaqoxahe {flame, rElec Dex+3 SInv}
rNeg    . . .        B - +4 chain mail {rC+}
rPois   .            s - +0 helmet
rElec   +            j - +1 cloak
rCorr   +            w - +0 pair of gloves
SInv    +            c - +0 pair of boots
Will    +....        (amulet unavailable) Stlth
                     (ring unavailable)
HPRegen 0.40/turn    (ring unavailable)
MPRegen 0.14/turn    L - gigaencabulator N-90 {Rampage Acrobat rF+ Slay+3}

%: acrobat, rampage
@: revved
A: off-hand wielding, slow wielding, warmup strikes, no jewellery
a: Renounce Religion, Berserk, Trog's Hand, Brothers in Arms


You were on level 13 of the Dungeon.
You worshipped Trog.
Trog was exalted by your worship.
You visited 3 branches of the dungeon, and saw 20 of its levels.
You also visited: Bailey and Volcano.

You collected 2075 gold pieces.
You spent 483 gold pieces at shops.

Inventory:

Hand Weapons
 f - a +3 antimagic broad axe {Cedro}
 E - the +4 broad axe of Huaqoxahe (offhand) {flame, rElec Dex+3 SInv}
   (You found it in a bailey)

   Dex+3:     It affects your dexterity (+3).
   rElec:     It insulates you from electricity.
   SInv:      It lets you see invisible.
 J - the +5 broad axe "Hopnamp" (weapon) {flame, *Noise rElec rCorr Int+3}
   (You bought it in a shop on level 2 of the Orcish Mines)

   Int+3:     It affects your intelligence (+3).
   rElec:     It insulates you from electricity.
   *Noise:    It may make a loud noise when swung.
   rCorr:     It protects you from acid and corrosion.
Missiles
 x - 46 boomerangs
 y - 61 poisoned darts (quivered)
 K - 6 curare-tipped darts
Armour
 c - a +0 pair of boots (worn)
 g - a +2 ring mail of willpower
 j - a +1 cloak (worn)
 s - a +0 helmet (worn)
 t - the +1 scale mail "Zotecs" {rPois rF+}
   (You found it on level 10 of the Dungeon)

   rF+:       It protects you from fire.
   rPois:     It protects you from poison.
 w - a +0 pair of gloves (worn)
 A - a scarf of resistance
 B - a +4 chain mail of cold resistance (worn)
 C - +0 acid dragon scales
 O - a +3 chain mail of fire resistance
Gizmo
 L - a gigaencabulator N-90 (installed) {Rampage Acrobat rF+ Slay+3}
   (You invented it yourself on level 2 of the Lair of Beasts)

   [gigaencabulator N-90]

   Slay+3:    It affects your accuracy & damage with ranged weapons and melee
   (+3).
   rF+:       It protects you from fire.
   Rampage:   It bestows one free step when moving towards enemies.
   Acrobat:   It increases your evasion after moving or waiting.
Wands
 e - a wand of warping (11)
 p - a wand of flame (15)
 q - a wand of charming (9)
 r - a wand of mindburst (10)
 I - a wand of digging (2)
Scrolls
 d - 3 scrolls of enchant weapon
 h - 3 scrolls of fog
 i - a scroll of vulnerability
 k - 2 scrolls of amnesia
 n - 8 scrolls of teleportation
 o - 2 scrolls of revelation
 P - a scroll of fear
 Q - 2 scrolls of brand weapon
 R - a scroll of poison {unknown}
 S - 3 scrolls of blinking {unknown}
 T - 2 scrolls of enchant armour
Potions
 a - 2 potions of haste
 b - 5 potions of curing
 l - 3 potions of might
 m - a potion of cancellation
 u - 2 potions of mutation
 v - 4 potions of heal wounds
 z - a potion of resistance
 D - 4 potions of enlightenment
 F - 2 potions of attraction
 G - 2 potions of invisibility
 H - 5 potions of ambrosia
 M - 2 potions of magic
 N - a potion of brilliance {unknown}
 U - a potion of berserk rage {unknown}


   Skills:
 + Level 13.8 Fighting
 - Level 18.0 Axes
 + Level 12.6 Armour
 - Level 4.3 Dodging
 - Level 3.0 Evocations


You had 14 spell levels left.
You didn't know any spells.
Your spell library was empty.

Dungeon Overview and Level Annotations

Branches:
Dungeon (13/15)            Temple (0/1) D:5            Lair (5/5) D:10
 Shoals (0/4) Lair:2        Snake (0/4) Lair:3        Slime (0/5) Lair:5
    Orc (2/2) D:10            Elf (0/3) Orc:2        Bailey (visited)
Volcano (visited)
 Vaults: D:13-14

Altars:
Cheibriados
Dithmenos
Gozag
Kikubaaqudgha
Nemelex Xobeh
Qazlal
Uskayaw
Vehumet
Wu Jian
Xom
Yredelemnul
Zin
Beogh

Shops:
D:6 (   D:8 =   D:10 [   D:11 *   D:12 [   Orc:2 ((=!


Innate Abilities, Weirdness & Mutations

You can wield a second weapon in your off-hand.
It takes a long time for you to wield or remove held weapons.
Your first few attacks do less damage.
You cannot equip rings or amulets.


Message History

You burn the large slime creature.
The large slime creature is severely wounded.
You hit the large slime creature but do no damage.
Two slime creatures merge to form a very large slime creature.
A slime creature comes into view.
Unknown command.
You slash the very large slime creature with the +4 broad axe of Huaqoxahe!
You burn the very large slime creature.
The very large slime creature is heavily wounded.
You slice the very large slime creature with the +5 broad axe "Hopnamp"!!
You burn the very large slime creature.
The very large slime creature hits you!!!
Two slime creatures merge to form an enormous slime creature.
You slice the enormous slime creature with the +5 broad axe "Hopnamp"!!
You burn the enormous slime creature.
The enormous slime creature is heavily wounded.
You barely miss the enormous slime creature with the +4 broad axe of Huaqoxahe.
Two slime creatures merge to form a titanic slime creature.
A slime creature comes into view.
Unknown command.
You slice the titanic slime creature with the +4 broad axe of Huaqoxahe!!
You burn the titanic slime creature.
The titanic slime creature is heavily wounded.
You carve the titanic slime creature like a ham with the +5 broad axe "Hopnamp"!!!
You burn the titanic slime creature.
Unknown command.
You slice the titanic slime creature with the +4 broad axe of Huaqoxahe!!
You burn the titanic slime creature.
The titanic slime creature is almost dead.
You slash the titanic slime creature with the +5 broad axe "Hopnamp"!
You burn the titanic slime creature. The titanic slime creature hits you!!
Unknown command.
Unknown command.
You slash the titanic slime creature with the +5 broad axe "Hopnamp"!
You burn the titanic slime creature.
The titanic slime creature is almost dead.
You slice the titanic slime creature with the +4 broad axe of Huaqoxahe!!
You burn the titanic slime creature. The titanic slime creature hits you!!!!
Ouch! That really hurt!
You die...

..... ... .....
... ...... ..
....... ..
......###.
.....!...
#....JJ#
#.####@#
#....(.#
#...)..#
#......#
#[.....#
#(...<.#
########......#
#.......#######
#.......#


You could see a titanic slime creature and a slime creature.

Vanquished Creatures
  Frances (D:12)
  Fannar (Lair:2)
  2 hydras
  Erolcha (Orc:2)
  3 ogre magi (Orc:2)
  A catoblepas (Lair:1)
  A boulder beetle (D:11)
  2 centaur warriors
  A two-headed ogre (D:10)
  A tengu warrior (D:12)
  Nergalle (Orc:2)
  3 skeletal warriors (Volcano)
  2 skysharks
  5 obsidian bats
  An anaconda skeleton (Volcano)
  6 orc sorcerers (Orc:2)
  5 cyclopes
  3 alligator skeletons (Volcano)
  A salamander (Lair:3)
  A merfolk siren (Lair:2)
  2 black mambas
  Joseph (Lair:1)
  7 kobold blastminers
  12 cane toads
  4 gargoyles
  2 rime drakes
  8 komodo dragons
  An unseen horror zombie (D:9)
  A tengu conjurer (D:13)
  3 trolls
  4 polar bears
  6 hornets
  Grinder (D:5)
  A dream sheep (Lair:5)
  3 blink frogs (Lair:2)
  A shadow (D:9)
  5 wyverns
  13 spriggans (Lair:5)
  A hog (shapeshifter) (D:12)
  3 wraiths (D:12)
  3 steam dragons
  64 yaks
  7 wargs
  6 vampire mosquitoes
  Menkaure (D:5)
  2 acid dragons
  Edmund (D:5)
  8 water moccasins
  Duvessa (D:5)
  28 orc warriors
  7 black bears
  5 ice beasts
  11 ogres
  2 sky beasts
  2 laughing skulls (Volcano)
  37 wolves
  7 centaurs
  4 boggarts (Lair:5)
  A phantom (D:5)
  5 kobold brigands
  A weeping skull (Volcano)
  A gnoll sergeant (D:5)
  16 bullfrogs
  2 scorpions
  20 wights
  Dowan (D:5)
  3 killer bees (D:7)
  A troll skeleton (Volcano)
  A spriggan skeleton (Volcano)
  7 howler monkeys
  An electric eel (Lair:3)
  3 centaur zombies (D:9)
  2 lava snakes (Lair:3)
  Crazy Yiuf (D:5)
  A gnoll bouda (D:7)
  16 orc priests
  A hound (D:7)
  Jessica (D:3)
  5 iguanas
  2 sleepcaps
  40 orc wizards
  A howler monkey zombie (D:9)
  4 gnolls
  8 adders
  A shadow imp (D:5)
  A white imp (D:6)
  2 ufetubi (D:5)
  3 dart slugs
  2 ribbon worms
  84 orcs
  10 ball pythons
  4 endoplasms
  9 giant cockroaches
  12 hobgoblins
  42 kobolds
  3 quokkas (D:4)
  4 bats
  A frilled lizard (D:2)
  11 goblins
  5 rats
656 creatures vanquished.

Vanquished Creatures (collateral kills)
  An orc warlord (Orc:1)
  An orc warrior (Orc:1)
  An orc wizard (Orc:1)
  An orc (Orc:1)
4 creatures vanquished.

Vanquished Creatures (others)
  An orc (Orc:1)
1 creature vanquished.

Grand Total: 661 creatures vanquished

Notes
Turn   | Place    | Note
-------+----------+-------------------------------------------
     0 | D:1      | esran the Coglin Berserker began the quest for the Orb.
     0 | D:1      | Reached XP level 1. HP: 18/18 MP: 1/1
   203 | D:1      | Reached XP level 2. HP: 24/24 MP: 2/2
   859 | D:2      | Reached skill level 4 in Axes
   874 | D:2      | Reached XP level 3. HP: 28/29 MP: 3/3
  1066 | D:2      | Reached XP level 4. HP: 35/35 MP: 4/4
  1190 | D:2      | Reached ** piety under Trog
  1191 | D:2      | Reached skill level 5 in Axes
  1390 | D:3      | Noticed Jessica
  1398 | D:3      | Killed Jessica
  1421 | D:3      | Found a faded altar of an unknown god.
  1480 | D:3      | Found a hide-covered altar of Uskayaw.
  1480 | D:3      | Found a basalt altar of Yredelemnul.
  1664 | D:3      | Identified the +11 sling of the Warrior-Mage {freeze, Will-
                  | Int+5}
  1673 | D:3      | Reached XP level 5. HP: 19/41 MP: 5/5
  1875 | D:3      | Found an ornate altar of the Wu Jian Council.
  2092 | D:4      | Noticed a black bear
  2101 | D:4      | Killed a black bear
  2102 | D:4      | Reached skill level 6 in Axes
  2102 | D:4      | Reached XP level 6. HP: 47/47 MP: 6/6
  2833 | D:5      | Entered Level 5 of the Dungeon
  2838 | D:5      | Reached skill level 7 in Axes
  2867 | D:5      | Noticed Duvessa
  2867 | D:5      | Noticed Dowan
  2877 | D:5      | Killed Duvessa
  2880 | D:5      | Killed Dowan
  2881 | D:5      | Reached XP level 7. HP: 52/52 MP: 7/7
  2969 | D:5      | Reached skill level 8 in Axes
  3029 | D:5      | Found an opulent altar of Gozag.
  3029 | D:5      | Noticed Edmund
  3034 | D:5      | Killed Edmund
  3088 | D:5      | Noticed a yak
  3088 | D:5      | Noticed a yak
  3088 | D:5      | Noticed Menkaure
  3089 | D:5      | Noticed a yak
  3089 | D:5      | Noticed a yak
  3089 | D:5      | Noticed a yak
  3098 | D:5      | Killed a yak
  3099 | D:5      | Reached skill level 9 in Axes
  3102 | D:5      | Killed Menkaure
  3102 | D:5      | Killed a yak
  3103 | D:5      | Reached XP level 8. HP: 9/58 MP: 8/8
  3104 | D:5      | Killed a yak
  3107 | D:5      | Killed a yak
  3112 | D:5      | Killed a yak
  3113 | D:5      | Reached skill level 10 in Axes
  3120 | D:5      | Found a staircase to the Ecumenical Temple.
  3479 | D:5      | Noticed Grinder
  3492 | D:5      | Killed Grinder
  3493 | D:5      | Reached skill level 11 in Axes
  3672 | D:5      | Reached *** piety under Trog
  3716 | D:5      | Reached XP level 9. HP: 57/63 MP: 9/9
  3926 | D:5      | Found a runed translucent door.
  3927 | D:5      | Noticed Crazy Yiuf
  3933 | D:5      | Killed Crazy Yiuf
  3997 | D:6      | Found a shadowy altar of Dithmenos.
  4201 | D:6      | Found a radiant altar of Vehumet.
  4241 | D:6      | Reached skill level 12 in Axes
  4621 | D:6      | Found a stormy altar of Qazlal.
  4981 | D:6      | Found Cuxixt's Hydra Hut.
  4983 | D:6      | Noticed a six-headed hydra
  5116 | D:6      | Reached skill level 13 in Axes
  5501 | D:7      | Reached XP level 10. HP: 70/70 MP: 6/10
  5560 | D:7      | Reached skill level 14 in Axes
  5602 | D:7      | Reached skill level 1 in Evocations
  5713 | D:7      | Found a sparkling altar of Nemelex Xobeh.
  5922 | D:7      | Found a snail-covered altar of Cheibriados.
  6246 | D:8      | Reached **** piety under Trog
  6457 | D:8      | Found a shimmering altar of Xom.
  6548 | D:8      | Found Echif's Jewellery Shoppe.
  6686 | D:9      | Reached skill level 5 in Fighting
  7123 | D:9      | Paralysed by a hornet for 1 turns
  7128 | D:9      | Reached XP level 11. HP: 24/81 MP: 11/11
  7129 | D:9      | Reached skill level 5 in Armour
  7265 | D:9      | Reached ***** piety under Trog
  7490 | D:9      | Identified a scroll of acquirement
  7496 | D:9      | Acquired a +3 antimagic broad axe
  7943 | D:10     | Entered Level 10 of the Dungeon
  8101 | D:10     | Found a staircase to the Orcish Mines.
  8102 | D:10     | Found Zump's Armour Shoppe.
  8166 | D:10     | Identified the +1 scale mail "Zotecs" {rPois rF+}
  8198 | D:10     | Found a flagged portal.
  8210 | Bailey   | Entered a bailey
  8440 | Bailey   | Identified the +4 broad axe of Huaqoxahe {flame, rElec
                  | Dex+3 SInv}
  8452 | Bailey   | Identified the +10 glaive "Nuyppimiuf" {protect, Int+2
                  | Dex+5}
  8778 | D:10     | Noticed a two-headed ogre
  8786 | D:10     | Killed a two-headed ogre
  9026 | D:10     | Found a staircase to the Lair.
  9708 | D:11     | Received a gift from Trog
  9710 | D:11     | Noticed a boulder beetle
  9725 | D:11     | Reached skill level 15 in Axes
  9725 | D:11     | Killed a boulder beetle
  9726 | D:11     | Reached XP level 12. HP: 38/92 MP: 4/12
  9945 | D:11     | Identified the +7 long sword of Sutwuemi {elec, Str+3}
  9995 | D:11     | Found a glowing silver altar of Zin.
  9996 | D:11     | Found Zin's Purification Station.
 10159 | D:11     | Noticed a centaur warrior
 10165 | D:11     | Killed a centaur warrior
 10475 | Orc:1    | Entered Level 1 of the Orcish Mines
 10777 | Orc:2    | Entered Level 2 of the Orcish Mines
 10956 | Orc:2    | Reached skill level 16 in Axes
 10957 | Orc:2    | Received a gift from Trog
 11116 | Orc:2    | Paralysed by an orc sorcerer for 2 turns
 11120 | Orc:2    | Found a staircase to the Elven Halls.
 11574 | Orc:1    | Noticed an orc warlord
 11584 | Orc:1    | Reached XP level 13. HP: 101/101 MP: 4/13
 11584 | Orc:1    | Killed an orc warlord
 12111 | Orc:2    | Reached skill level 10 in Fighting
 12115 | Orc:2    | Received a gift from Trog
 12128 | Orc:2    | Reached skill level 17 in Axes
 12137 | Orc:2    | Found Ustrugole's Distillery.
 12172 | Orc:2    | Bought 2 potions of heal wounds for 120 gold pieces
 12172 | Orc:2    | Bought a potion of cancellation for 96 gold pieces
 12172 | Orc:2    | Bought a potion of ambrosia for 96 gold pieces
 12185 | Orc:2    | Found a radiant altar of Vehumet.
 12185 | Orc:2    | Noticed Erolcha
 12192 | Orc:2    | Killed Erolcha
 12196 | Orc:2    | Found Huhieh's Jewellery Emporium.
 12204 | Orc:2    | Noticed Nergalle
 12213 | Orc:2    | Killed Nergalle
 12216 | Orc:2    | Reached ****** piety under Trog
 12289 | Orc:2    | Found an ancient bone altar of Kikubaaqudgha.
 12351 | Orc:2    | Found a roughly hewn altar of Beogh.
 12351 | Orc:2    | Found Piogemif's Antique Weapon Emporium.
 12351 | Orc:2    | Found Dinihom's Antique Weapon Shoppe.
 12434 | Orc:2    | Bought a pitted broad axe for 171 gold pieces
 12434 | Orc:2    | Identified the +5 broad axe "Hopnamp" {flame, *Noise rElec
                  | rCorr Int+3} (You bought it in a shop on level 2 of the
                  | Orcish Mines)
 12634 | Lair:1   | Entered Level 1 of the Lair of Beasts
 12944 | Lair:1   | Received a gift from Trog
 13138 | Lair:1   | Noticed Joseph
 13148 | Lair:1   | Killed Joseph
 13819 | Lair:2   | Noticed Fannar
 13829 | Lair:2   | Killed Fannar
 14050 | Lair:2   | Reached skill level 18 in Axes
 14054 | Lair:2   | Reached XP level 14. HP: 111/113 MP: 14/14
 14057 | Lair:2   | Acquired a gigaencabulator N-90 {Rampage Acrobat rF+
                  | Slay+3}
 14066 | Lair:2   | Found a staircase to the Shoals.
 14145 | Lair:2   | Reached skill level 10 in Armour
 15170 | Lair:3   | Received a gift from Trog
 15271 | Lair:3   | Found a staircase to the Snake Pit.
 15606 | Lair:4   | Found a dark tunnel.
 15612 | Volcano  | Entered a volcano
 16926 | Lair:5   | Entered Level 5 of the Lair of Beasts
 18001 | Lair:5   | Found a staircase to the Slime Pits.
 18384 | D:12     | Found Ifutaufu's Armour Emporium.
 18394 | D:12     | Identified the +7 spear of Circular Logic {speed, rPois}
 18453 | D:12     | Noticed Frances
 18454 | D:12     | Reached XP level 15. HP: 124/124 MP: 15/15
 18463 | D:12     | Killed Frances
 19337 | D:13     | Identified the +10 war axe of Abuse {flame, rC+ Will+ Str-3
                  | Stlth+} (Trog gifted it to you on level 13 of the Dungeon)
 19337 | D:13     | Received a gift from Trog
 19349 | D:13     | Annihilated by a titanic slime creature

Illustrated notes

Levels and vault maps discovered:
D:1:      dpeg_arrival_shrine, layout_loops_corners, serial_bayou_pond_a,
          feat_on_display
D:2:      layout_basic, guppyfry_early_orc_mine
D:3:      layout_rooms, gammafunk_temple_overflow_elements,
          nicolae_wu_jian_immortal_techniques, basic_ecumenical_altar,
          kennysheep_generic_room_2, uniq_jessica
D:4:      minmay_skewed_foursquare, layout_loops_ring, minmay_distorted
D:5:      layout_basic, grunt_gozag_breadcrumbs, minmay_temple_entry_wispy,
          uniq_menkaure, uniq_edmund, uniq_crazy_yiuf_cottage, uniq_grinder,
          uniq_duvessa
D:6:      layout_loops_corners, grunt_dithmenos_smoke_and_mirrors,
          lemuel_tele_altar, mainiacjoe_overflow_alcove_4,
          doesnt_shop_hydraphobe
D:7:      layout_rooms, nicolae_overflow_crystal_walls,
          mainiacjoe_overflow_paths
D:8:      layout_rooms, xom_butterflies, serial_shops,
          nicolae_shop_gibbet_a_chance
D:9:      layout_loops_ring, serial_undead, serial_undead_e, serial_undead_d,
          serial_undead_c, serial_undead_e, serial_undead_e, serial_undead_b
D:10:     layout_small_grid, david_lair_shrubbed, orc_david_3, enter_bailey_4
D:11:     layout_rooms, zin_purify
D:12:     layout_layer_cave, serial_shops, shop, uniq_frances
D:13:     minmay_gate_of_8, layout_stronghold, hellmonk_vaults_order_and_chaos
Lair:1:   layout_concentric_octagons, uniq_joseph
Lair:2:   layout_concentric_octagons, minmay_shoals_entry_lonely_mermaid,
          serial_bayou_shore_b, grunt_megastairs_5, uniq_fannar
Lair:3:   layout_long_grid, nicolae_snake_entry_warm_welcome,
          lemuel_fruit_fields, lemuel_fruit_tree, serial_bayou_shore_a
Lair:4:   layout_regular_city, nicolae_volcano_entry_hallway,
          nicolae_quartered_pool_super
Lair:5:   minmay_lair_end_enchanted_forest, layout_regular_city,
          dpeg_slime_entry_enclosed
Orc:1:    layout_caves
Orc:2:    kennysheep_orc_mage_school, layout_diamond_mine, mines5_lemuel

Skill      XL: |  1  2  3  4  5  6  7  8  9 10 11 12 13 14 |
---------------+-------------------------------------------+-----
Axes           | 4 5 6 7 9 11 13 14 15 16 18 | 18.0
Armour         | 4 7 8 9 12 | 12.6
Dodging        | 4 |  4.3
Evocations     | 3 |  3.0
Fighting       | 6 8 9 11 13 | 13.8

Action                     |  1- 3 |  4- 6 |  7- 9 | 10-12 | 13-15 || total
---------------------------+-------+-------+-------+-------+-------++-------
  Melee: Hand axe          |    55 |   199 |   329 |   413 |       ||   996
         Dagger            |     9 |       |       |       |       ||     9
         Whip              |    25 |       |       |       |       ||    25
         Broad axe         |       |       |       |   426 |   784 ||  1210
  Throw: Boomerang         |       |       |     8 |     6 |       ||    14
         Dart              |       |       |       |    23 |       ||    23
 Invoke: Berserk           |       |     3 |     3 |     7 |       ||    13
         Trog's Hand       |       |     1 |     3 |     1 |       ||     5
         Brothers in Arms  |       |       |       |     1 |       ||     1
Ability: Invent Gizmo      |       |       |       |       |     1 ||     1
  Evoke: Wand              |       |       |       |     3 |       ||     3
    Use: Potion            |       |       |     4 |       |       ||     4
         Scroll            |       |       |       |    13 |     7 ||    20
 Armour: Chain mail        |    35 |    80 |    20 |   337 |    84 ||   556
         Animal skin       |     4 |       |       |       |       ||     4
         Skin              |       |       |    14 |       |       ||    14
         Ring mail         |       |       |    76 |    52 |       ||   128
         Scale mail        |       |       |       |       |   137 ||   137
  Dodge: Dodged            |    16 |    43 |    51 |   185 |   196 ||   491

Table legend: (Time is in decaauts)
 A = Elapsed time spent in this place.
 B = Non-inter-level travel time spent in this place.
 C = Inter-level travel time spent in this place.
 D = Time resting spent in this place.
 E = Time spent auto-exploring this place.
 F = Levels seen in this place.
 G = Mean time per level.
                   A        B        C        D        E       F      G
               +--------+--------+--------+--------+--------+-----+--------+
         Total |  19190 |  18491 |    699 |   1614 |  14049 |  22 |  872.3 |
       Dungeon |  11049 |  10663 |    386 |    790 |   8214 |  13 |  849.9 |
          Lair |   5022 |   4782 |    240 |    146 |   4062 |   5 | 1004.4 |
  Orcish Mines |   2050 |   1977 |     73 |    382 |   1274 |   2 | 1025.0 |
        Bailey |    546 |    546 |      0 |    148 |    239 |   1 |  546.0 |
       Volcano |    521 |    521 |      0 |    147 |    258 |   1 |  521.0 |
               +--------+--------+--------+--------+--------+-----+--------+

Top non-repeatable levels by time:
   Orc:2: 1575 daAuts
    D:10: 1542 daAuts
     D:6: 1461 daAuts
     D:9: 1292 daAuts
  Lair:2: 1229 daAuts
  Lair:5: 1199 daAuts
     D:5: 1146 daAuts
    D:12: 1012 daAuts
  Lair:3: 914 daAuts
     D:4: 910 daAuts
  Lair:1: 860 daAuts
     D:1: 850 daAuts
  Lair:4: 818 daAuts
     D:7: 647 daAuts
     D:3: 600 daAuts
